 Dungeon Crawl Stone Soup version 0.26.0-16-gc1dbca0489 (webtiles) character file.

Game seed: 6354629476695115432

92 JizzGoblin the Ruffian (level 4, 0/44 HPs)
             Began as a Troll Fighter on Jan 18, 2021.
             Slain by a gnoll
             ... wielding a +0 spear
              (6 damage)
             ... on level 2 of the Dungeon.
             The game lasted 00:05:26 (883 turns).

JizzGoblin the Ruffian (Troll Fighter)               Turns: 883, Time: 00:05:27

Health: 0/44       AC:  6    Str: 24    XL:     4   Next: 35%
Magic:  3/3        EV:  8    Int:  4    God:
Gold:   56         SH:  8    Dex: 10    Spells: 3/3 levels left

rFire    . . .     SeeInvis .     - Unarmed
rCold    . . .     Faith    .   b - +0 kite shield
rNeg     . . .     Spirit   .   a - +0 robe
rPois    .         Reflect  .   (helmet restricted)
rElec    .         Harm     .   (no cloak)
rCorr    .         Rampage  .   (gloves unavailable)
Will     .....                  (boots unavailable)
Stlth    +.........             (no amulet)
HPRegen  0.54/turn              (no ring)
MPRegen  0.08/turn              (no ring)

@: no status effects
A: large, unfitting armour, claws 3, regeneration 1, shaggy fur 1, tough skin 3
a: no special abilities


You were on level 2 of the Dungeon.
You visited 1 branch of the dungeon, and saw 2 of its levels.

You collected 56 gold pieces.

Inventory:

Armour
 a - a +0 robe (worn)
 b - a +0 kite shield (worn)
Scrolls
 d - a scroll of identify
Potions
 c - a potion of might
 f - a potion of ambrosia {unknown}


   Skills:
 - Level 2.4 Fighting
 - Level 2.4 Dodging
 - Level 2.4 Shields
 + Level 4.7 Unarmed Combat


You had 3 spell levels left.
You didn't know any spells.
Your spell library was empty.

Dungeon Overview and Level Annotations

Branches:
Dungeon (2/15)

Altars:


Innate Abilities, Weirdness & Mutations

You are too large for most types of armour.
You have claws for hands.
Your natural rate of healing is unusually fast.
You are covered in fur. (AC +1)
You have extremely tough skin. (AC +3)


Message History

You block the jackal's attack. The gnoll hits you with a +0 flail!
The gnoll hits you but does no damage.
You mangle the jackal!!
You kill the jackal!
The gnoll hits you from afar with a +0 spear.
You block the gnoll's attack. The gnoll barely misses you.
You see here a +0 club.
You claw the gnoll!
The gnoll is almost dead.
The gnoll hits you from afar with a +0 spear.
* * * LOW HITPOINT WARNING * * *
The jackal barely misses you. You block the gnoll's attack.
You block the jackal's attack. You block the gnoll's attack.
You scratch the gnoll.
You kill the gnoll!
The jackal barely misses you. The gnoll hits you with a +0 spear!
* * * LOW HITPOINT WARNING * * *
The gnoll hits you from afar with a +0 spear.
You die...

........# #.........
........# #.........
..##.##.# #.........
.†##.##.## #.........
.......... #..§......
..........######§§§.g....
#.†#.##...#...(g§g§.#
##.#.##.. #...##h####
#.#.##..$#...†)@#
##.#.##........#.#
.†...###.......#†#
###....##.#..?.#.#
###.>#.##......#†#
.......##........#
###..#########.#.......
.....####### #.#.#.#$##
............ ....#...


You could see 2 gnolls and a jackal.

Vanquished Creatures
  2 gnolls (D:2)
  2 adders (D:2)
  3 dart slugs
  4 giant cockroaches
  6 goblins
  7 hobgoblins
  5 jackals (D:2)
  5 kobolds
  A quokka (D:2)
  5 bats
  4 rats
44 creatures vanquished.

Notes
Turn   | Place    | Note
-------+----------+-------------------------------------------
     0 | D:1      | JizzGoblin the Troll Fighter began the quest for the Orb.
     0 | D:1      | Reached XP level 1. HP: 22/22 MP: 0/0
   106 | D:1      | Reached XP level 2. HP: 29/29 MP: 1/1
   187 | D:1      | Reached skill level 3 in Unarmed Combat
   537 | D:1      | Reached XP level 3. HP: 36/36 MP: 2/2
   759 | D:2      | Reached skill level 4 in Unarmed Combat
   851 | D:2      | Reached XP level 4. HP: 44/44 MP: 3/3
   883 | D:2      | Slain by a gnoll

Illustrated notes

Levels and vault maps discovered:
D:1:      ncdulo_wetmaze, layout_basic, kennysheep_crisscross,
          chequers_arboretum
D:2:      layout_basic

Skill      XL: |  1  2  3 |
---------------+----------+-----
Unarmed Combat | 3 4 |  4.7
Fighting       | |  2.4
Dodging        | |  2.4
Shields        | |  2.4

Action                   |  1- 3 |  4- 6 || total
-------------------------+-------+-------++-------
Melee: Unarmed           |    88 |    17 ||   105
  Use: Scroll            |     2 |     1 ||     3
Armor: Robe              |    23 |     9 ||    32
Dodge: Dodged            |    22 |     6 ||    28
Block: Kite shield       |    36 |    14 ||    50
